 Dungeon Crawl Stone Soup version 0.26.1-11-gd32895ea62 (webtiles) character file.

Game seed: 4965879191976953031

96 H0rd4k the Charlatan (level 4, 0/32 HPs)
             Began as a Human Artificer on Apr 23, 2021.
             Slain by Robin
             ... wielding a +2 short sword of freezing
              (2 damage)
             ... on level 3 of the Dungeon.
             The game lasted 00:03:24 (3873 turns).

H0rd4k the Charlatan (Human Artificer)              Turns: 3873, Time: 00:03:24

Health: 0/32       AC:  5    Str: 13    XL:     4   Next: 98%
Magic:  4/4        EV: 12    Int: 11    God:
Gold:   137        SH:  0    Dex: 14    Spells: 3/3 levels left

rFire    . . .     SeeInvis .   f - +0 dagger
rCold    . . .     Faith    .   (no shield)
rNeg     . . .     Spirit   .   b - +0 leather armour
rPois    .         Reflect  .   (no helmet)
rElec    .         Harm     .   (no cloak)
rCorr    .         Rampage  .   m - +1 pair of gloves
Will     .....                  (no boots)
Stlth    ++........             (no amulet)
HPRegen  0.10/turn              (no ring)
MPRegen  0.09/turn              (no ring)

@: no status effects
A: no striking features
a: no special abilities


You were on level 3 of the Dungeon.
You visited 1 branch of the dungeon, and saw 3 of its levels.

You collected 137 gold pieces.

Inventory:

Hand Weapons
 f - a +0 dagger (weapon)
Missiles
 h - 17 poisoned darts
Armour
 b - a +0 leather armour (worn)
 m - a +1 pair of gloves (worn)
Wands
 c - a wand of flame (11) (quivered)
 d - a wand of enslavement (6)
 e - a wand of random effects (3)
Scrolls
 a - a scroll of remove curse {unknown}
 g - a scroll of magic mapping {unknown}
 i - 3 scrolls of identify {unknown}
Potions
 j - a potion of might {unknown}
 k - a potion of curing {unknown}
 l - 2 potions of brilliance {unknown}
 n - a potion of attraction {unknown}
 o - a potion of heal wounds {unknown}


   Skills:
 + Level 1.4 Fighting
 + Level 1.1 Short Blades
 + Level 2.6 Armour
 + Level 2.3 Dodging
 + Level 1.5 Stealth
 + Level 3.6 Evocations


You had 3 spell levels left.
You didn't know any spells.
Your spell library was empty.

Dungeon Overview and Level Annotations

Branches:
Dungeon (3/15)

Altars:

Annotations:
D:3 Robin


Message History

The puff of flame hits something.
You hit something but do no damage. You hit something.
You hit something but do no damage. You hit something.
You hit something but do no damage. You hit something.
You hit something but do no damage. You completely miss something.
You hit something. Something hits you. Something freezes you.
You barely miss something. Something hits you!
* * * LOW HITPOINT WARNING * * *
Something freezes you.
* * * LOW HITPOINT WARNING * * *
You hit something but do no damage. Something hits you but does no damage.
You barely miss something. Something hits you but does no damage.
You barely miss something. Something hits you.
* * * LOW HITPOINT WARNING * * *
Something freezes you.
You die...

#########
#.......#
#.##.##.##
#.#.)....#
##.###..###
#..#...(..#
#.###.##.##
#@##......#
#{##.####.#.# .#
#.##......#.# #.#
#.###.##.##.# #.#
#.##......#.# #.#
#.####..###.# #.#
#.##......#.# #.#
#.###.##.##.###g#
#...............##


There were no monsters in sight!

Vanquished Creatures
  3 adders
  An ooze (D:3)
  A dart slug (D:2)
  A worm (D:2)
  A leopard gecko (D:3)
  An orc (D:3)
  2 giant cockroaches
  8 goblins
  11 hobgoblins
  A ball python (D:1)
  6 bats
  5 frilled lizards
  6 kobolds
  5 rats
52 creatures vanquished.

Vanquished Creatures (collateral kills)
  2 orcs (D:3)
  2 goblins (D:3)
4 creatures vanquished.

Vanquished Creatures (others)
  An orc (D:3)
  2 goblins (D:3)
3 creatures vanquished.

Grand Total: 59 creatures vanquished

Notes
Turn   | Place    | Note
-------+----------+-------------------------------------------
     0 | D:1      | H0rd4k the Human Artificer began the quest for the Orb.
     0 | D:1      | Reached XP level 1. HP: 15/15 MP: 1/1
   603 | D:1      | Reached XP level 2. HP: 21/21 MP: 2/2
  1465 | D:2      | Reached XP level 3. HP: 23/26 MP: 3/3
  2365 | D:2      | Reached XP level 4. HP: 32/32 MP: 4/4
  3103 | D:3      | Found a faded altar of an unknown god.
  3110 | D:3      | Noticed Robin
  3496 | D:3      | Reached skill level 1 in Short Blades
  3873 | D:3      | Slain by Robin

Illustrated notes

Levels and vault maps discovered:
D:1:      wander_arrival_desolate, layout_rooms, minmay_distorted
D:2:      layout_basic
D:3:      layout_loops_ring, lemuel_round_altar,
          chequers_ecumenical_altar_simple, minmay_misc_feat_alley, uniq_robin

Skill      XL: |  1  2  3  4 |
---------------+-------------+-----
Dodging        | 2 |  2.3
Short Blades   | 1 |  1.1
Fighting       | |  1.4
Armour         | |  2.6
Stealth        | |  1.5
Evocations     | |  3.6

Action                   |  1- 3 |  4- 6 || total
-------------------------+-------+-------++-------
Melee: Club              |    23 |       ||    23
       Dagger            |   172 |   129 ||   301
Evoke: Wand              |     7 |    18 ||    25
 Stab: Sleeping          |     1 |     2 ||     3
       Paralysed         |     3 |       ||     3
Armor: Leather armour    |    67 |    39 ||   106
Dodge: Dodged            |   150 |    75 ||   225
